 Dungeon Crawl Stone Soup version 0.29.0-13-gc9e81de378 (webtiles) character file.

Game seed: 5249377402822797263

8711 Iusername the Cleaver (level 11, -1/97 HPs)
             Began as a Minotaur Fighter on Sept 8, 2022.
             Was a Believer of the Shining One.
             Slain by an ice beast (13 damage)
             ... summoned by Fannar
             ... on level 10 of the Dungeon.
             The game lasted 00:19:24 (11215 turns).

Iusername the Cleaver (Minotaur Fighter)           Turns: 11215, Time: 00:19:26

Health: -1/97      AC: 23    Str: 20    XL:     11   Next: 13%
Magic:  10/10      EV:  6    Int: 12    God:    the Shining One [**....]
Gold:   647        SH: 11    Dex: 13    Spells: 10/10 levels left

rFire   . . .      SeeInvis .   I - +10 long sword of the Butterfly {vorpal, Int+5}
rCold   . . .      Faith    .   B - +0 kite shield
rNeg    + . .      Spirit   .   h - +1 plate armour
rPois   .          Reflect  .   (helmet restricted)
rElec   .          Harm     .   n - +0 cloak
rCorr   .          Rampage  .   a - +2 pair of gloves
Will    .....                   x - +0 pair of boots
Stlth   ..........              y - amulet of regeneration
HPRegen 1.06/turn               (no ring)
MPRegen 0.12/turn               (no ring)

@: about to teleport, glowing
A: horns 2, retaliatory headbutt
a: Renounce Religion, Divine Shield


You were on level 10 of the Dungeon.
You worshipped the Shining One.
The Shining One was pleased with you.
You visited 1 branch of the dungeon, and saw 10 of its levels.

You collected 647 gold pieces.

Inventory:

Hand Weapons
 I - the +10 long sword of the Butterfly (weapon) {vorpal, Int+5}
   (You found it on level 9 of the Dungeon)

   It inflicts extra damage upon your enemies.
   Int:       It affects your intelligence (+5).
Missiles
 G - 5 boomerangs (quivered)
Armour
 a - a +2 pair of gloves (worn)
 h - a +1 plate armour (worn)
 n - a +0 cloak (worn)
 x - a +0 pair of boots (worn)
 B - a +0 kite shield (worn)
Jewellery
 e - a ring of resist corrosion
 t - a ring of willpower
 y - an amulet of regeneration (around neck)
 D - an amulet of guardian spirit
 H - a ring of flight
Scrolls
 c - 2 scrolls of poison
 i - 3 scrolls of noise
 j - 2 scrolls of silence
 k - 2 scrolls of amnesia
 l - 2 scrolls of teleportation
 o - 3 scrolls of vulnerability
 r - 5 scrolls of blinking
 v - a scroll of butterflies
 z - a scroll of fear
 C - a scroll of magic mapping
Potions
 b - a potion of haste
 f - a potion of attraction {unknown}
 g - 2 potions of curing
 m - 4 potions of degeneration {unknown}
 p - 4 potions of lignification {unknown}
 q - a potion of cancellation {unknown}
 u - a potion of flight {unknown}
 w - a potion of magic {unknown}
 E - 2 potions of ambrosia {unknown}
 F - a potion of mutation {unknown}
Miscellaneous
 d - a piece from Xom's chessboard (11/15)


   Skills:
 + Level 9.1 Fighting
 + Level 12.9 Axes
 + Level 11.9 Armour
 + Level 1.0 Dodging
 + Level 0.5 Stealth
 + Level 8.9 Shields
 + Level 0.2 Evocations


You had 10 spell levels left.
You didn't know any spells.
Your spell library contained the following spells:

 Spells                   Type           Power      Damage    Failure   Level
 Apportation              Tloc           0%         N/A       100%        1
 Magic Dart               Conj           0%         1d3       100%        1
 Sting                    Tmut/Pois      0%         1d3       100%        1
 Call Imp                 Summ           0%         N/A       100%        2
 Ensorcelled Hibernation  Hex/Ice        0%         N/A       100%        2
 Passwall                 Tmut/Erth      0%         N/A       100%        2
 Poisonous Vapours        Pois/Air       0%         N/A       100%        2
 Searing Ray              Conj           0%         2d4       100%        2
 Mephitic Cloud           Conj/Pois/Air  0%         N/A       100%        3
 Spider Form              Tmut/Pois      0%         N/A       100%        3
 Swiftness                Air            0%         N/A       100%        3
 Anguish                  Hex/Necr       0%         N/A       100%        4
 Fulminant Prism          Conj/Hex       0%         3d6       100%        4
 Olgreb's Toxic Radiance  Pois           0%         N/A       100%        4
 Alistair's Intoxication  Tmut/Pois      0%         N/A       100%        5


Dungeon Overview and Level Annotations

Branches:
Dungeon (10/15)            Temple (0/1) D:7             Orc (0/2) D:9
   Lair: D:8-11

Altars:
Elyvilon
Fedhas
Makhleb
Nemelex Xobeh
Qazlal
Trog
Xom
Yredelemnul
The Shining One

Shops:
D:3 =   D:8 *

Annotations:
D:10 Fannar


Innate Abilities, Weirdness & Mutations

You have a pair of horns on your head.
You reflexively headbutt those who attack you in melee.


Message History

Fannar is severely wounded.
You block Fannar's attack. You block the ice beast's attack.
The ice beast hits you.
* * * LOW HITPOINT WARNING * * *
The ice beast freezes you.
* * * LOW HITPOINT WARNING * * *
The ice beast hits you but does no damage.
You closely miss Fannar.
Fannar is severely wounded.
Fannar casts a spell.
Fannar drains the heat from the surrounding environment!
You block the ice beast's attack.
The ice beast hits you but does no damage. x2
Fannar mumbles some strange words.
Fannar drains the heat from the surrounding environment!
* * * LOW HITPOINT WARNING * * *
The ice beast hits you but does no damage.
You block the ice beast's attack.
The ice beast hits you but does no damage.
You feel better.
Fannar gestures wildly while chanting.
Fannar drains the heat from the surrounding environment!
* * * LOW HITPOINT WARNING * * *
The ice beast hits you.
* * * LOW HITPOINT WARNING * * *
The ice beast freezes you!
* * * LOW HITPOINT WARNING * * *
The ice beast hits you but does no damage.
You block the ice beast's attack.
As you read the scroll of teleportation, it crumbles to dust.
You feel strangely unstable. Fannar hits you but does no damage.
The ice beast barely misses you.
The ice beast hits you but does no damage. x2
You feel better.
Fannar casts a spell.
Fannar drains the heat from the surrounding environment!
The ice beast hits you.
* * * LOW HITPOINT WARNING * * *
The ice beast freezes you!
You die...

#..............#
#..............#
#..............#
#..............#
#########'######
#........#
#........#
#.....Y..#
#.....@..#
#.#..YeY## ..
#....... .
#.........
#...........
#...........
#...........
#...........


You could see Fannar and 3 ice beasts.

Vanquished Creatures
  3 two-headed ogres
  An unseen horror (D:7)
  Sigmund (D:4)
  17 yaks
  2 steam dragons
  Edmund (D:6)
  A water moccasin (D:6)
  Duvessa (D:5)
  2 sky beasts
  3 orc warriors
  2 black bears
  3 ice beasts
  3 centaurs
  3 bullfrogs
  A necrophage (D:7)
  A gnoll sergeant (D:9)
  3 scorpions
  8 wights (D:8)
  Dowan (D:5)
  5 howler monkeys
  2 hounds
  7 orc priests
  Crazy Yiuf (D:2)
  4 jellies
  Terence (D:2)
  3 iguanas
  Natasha (thrice) (D:2)
  11 orc wizards
  10 gnolls
  5 adders
  5 shadow imps
  4 worms
  3 dart slugs
  57 orcs
  7 endoplasms
  5 goblins
  11 hobgoblins
  2 jackals (D:1)
  12 kobolds
  A quokka (D:2)
  8 ball pythons
  6 bats
  2 frilled lizards
  7 rats
  A butterfly (D:3)
240 creatures vanquished.

Notes
Turn   | Place    | Note
-------+----------+-------------------------------------------
     0 | D:1      | Iusername the Minotaur Fighter began the quest for the Orb.
     0 | D:1      | Reached XP level 1. HP: 19/19 MP: 0/0
   192 | D:1      | Reached XP level 2. HP: 27/27 MP: 1/1
   907 | D:1      | Reached XP level 3. HP: 33/33 MP: 2/2
   919 | D:1      | Reached skill level 3 in Axes
  1234 | D:2      | Found a faded altar of an unknown god.
  1416 | D:2      | Found a runed translucent door.
  1417 | D:2      | Noticed Crazy Yiuf
  1480 | D:2      | Killed Crazy Yiuf
  1481 | D:2      | Reached XP level 4. HP: 41/41 MP: 3/3
  2084 | D:2      | Noticed Natasha
  2091 | D:2      | Killed Natasha
  2350 | D:2      | Noticed Natasha
  2360 | D:2      | Killed Natasha
  2481 | D:2      | Noticed Natasha
  2491 | D:2      | Killed Natasha
  2492 | D:2      | Reached skill level 4 in Axes
  2492 | D:2      | Reached XP level 5. HP: 32/47 MP: 4/4
  2848 | D:2      | Reached skill level 5 in Fighting
  2971 | D:2      | Noticed Terence
  2981 | D:2      | Killed Terence
  2982 | D:2      | Reached skill level 5 in Axes
  3825 | D:3      | Found Alodipn's One-of-a-Kind Rings.
  3829 | D:3      | Reached XP level 6. HP: 56/56 MP: 5/5
  3977 | D:3      | Reached skill level 5 in Armour
  4019 | D:3      | Found a shimmering altar of Xom.
  4028 | D:3      | Reached skill level 6 in Axes
  4473 | D:4      | Found a white marble altar of Elyvilon.
  4570 | D:4      | Found a basalt altar of Yredelemnul.
  4766 | D:4      | Found a blossoming altar of Fedhas.
  4943 | D:4      | Noticed Sigmund
  4957 | D:4      | Killed Sigmund
  4958 | D:4      | Reached XP level 7. HP: 44/61 MP: 6/6
  6101 | D:5      | Entered Level 5 of the Dungeon
  6106 | D:5      | Reached skill level 7 in Axes
  6248 | D:5      | Found a stormy altar of Qazlal.
  6288 | D:5      | Noticed Dowan
  6288 | D:5      | Noticed Duvessa
  6311 | D:5      | Killed Duvessa
  6345 | D:5      | Reached skill level 5 in Shields
  6345 | D:5      | Reached XP level 8. HP: 39/70 MP: 7/7
  6356 | D:5      | Killed Dowan
  6460 | D:5      | Reached skill level 8 in Axes
  7534 | D:6      | Reached skill level 9 in Axes
  8139 | D:6      | Found a bloodstained altar of Trog.
  8141 | D:6      | Found a glowing golden altar of the Shining One.
  8169 | D:6      | Noticed Edmund
  8181 | D:6      | Killed Edmund
  8425 | D:6      | Became a worshipper of the Shining One
  8610 | D:7      | Found a staircase to the Ecumenical Temple.
  8629 | D:7      | Reached XP level 9. HP: 68/78 MP: 8/8
  8663 | D:7      | Killed an unseen horror
  8877 | D:7      | Reached skill level 10 in Axes
  9257 | D:8      | Reached skill level 10 in Armour
  9259 | D:8      | Reached * piety under the Shining One
  9263 | D:8      | Noticed a two-headed ogre
  9274 | D:8      | Killed a two-headed ogre
  9275 | D:8      | Reached skill level 11 in Axes
  9275 | D:8      | Reached skill level 1 in Dodging
  9275 | D:8      | Reached XP level 10. HP: 55/86 MP: 9/9
  9446 | D:8      | Found a sparkling altar of Nemelex Xobeh.
  9523 | D:8      | Identified the +0 ring mail of Apathy {rC++ Dex-3}
  9530 | D:8      | Found Ujydetei's Assorted Antiques.
  9789 | D:8      | Found a burning altar of Makhleb.
 10189 | D:9      | Reached skill level 12 in Axes
 10544 | D:9      | Reached ** piety under the Shining One
 10608 | D:9      | Noticed a two-headed ogre
 10625 | D:9      | Killed a two-headed ogre
 10626 | D:9      | Reached XP level 11. HP: 97/97 MP: 10/10
 10657 | D:9      | Noticed a two-headed ogre
 10665 | D:9      | Killed a two-headed ogre
 10809 | D:9      | Found a staircase to the Orcish Mines.
 10826 | D:9      | Identified the +3 scale mail "Nyufac" {rN+ Dex+3 Slay-6}
 10912 | D:9      | Identified the +10 long sword of the Butterfly {vorpal,
                  | Int+5}
 11184 | D:10     | Entered Level 10 of the Dungeon
 11195 | D:10     | Noticed Fannar
 11209 | D:10     | HP: 4/97 [Fannar/+0 quarterstaff of freezing (6)]
 11215 | D:10     | Slain by an ice beast

Illustrated notes

Levels and vault maps discovered:
D:1:      psy_arrival_whirlpool, layout_basic, ebering_dispersal_statue_hall,
          minivault_26
D:2:      layout_basic, basic_ecumenical_altar, dreamdust_wishing_well,
          uniq_terence, uniq_crazy_yiuf_cottage, uniq_natasha
D:3:      layout_basic, xom_butterflies, grunt_ministairs_6,
          nicolae_shop_unique_rings, grunt_decor_mini_mirrors,
          kennysheep_minor_cross
D:4:      layout_layer_cave, elyvilon_altar_3,
          mainiacjoe_overflow_small_starburst, mainiacjoe_overflow_alcove_4,
          uniq_sigmund
D:5:      layout_loops_corners, nicolae_qazlal_scattered_showers, uniq_duvessa
D:6:      layout_basic, chequers_temple_overflow_statue_of_worship, uniq_edmund
D:7:      layout_cave_pools, minmay_temple_entry_butterflies
D:8:      layout_loops_ring, lemuel_tele_altar,
          nemelex_xobeh_ov_fountains_minmay, serial_shops, shop_fountains
D:9:      layout_roguey, hiddenorc2_lemuel
D:10:     layout_grid_maze, uniq_fannar, uniq_erica

Skill      XL: |  1  2  3  4  5  6  7  8  9 10 |
---------------+-------------------------------+-----
Fighting       | 4 5 6 7 9 |  9.1
Armour         | 4 6 8 10 11 | 11.9
Axes           | 3 4 5 6 7 9 11 12 | 12.9
Shields        | 4 5 6 7 8 |  8.9
Dodging        | 1 |  1.0
Stealth        | |  0.5
Evocations     | |  0.2

Action                   |  1- 3 |  4- 6 |  7- 9 | 10-12 || total
-------------------------+-------+-------+-------+-------++-------
Melee: War axe           |    67 |    65 |       |       ||   132
       Headbutt          |     7 |    22 |    52 |    62 ||   143
       Hand axe          |       |    52 |   250 |   205 ||   507
       Long sword        |       |       |       |    13 ||    13
Evoke: Piece from Xom's  |       |       |       |     4 ||     4
  Use: Potion            |       |     1 |     4 |     4 ||     9
       Scroll            |       |     8 |     9 |     3 ||    20
Armor: Scale mail        |     8 |       |       |       ||     8
       Plate armour      |    33 |   102 |   190 |   112 ||   437
Dodge: Dodged            |    14 |    22 |    45 |    26 ||   107
Block: Buckler           |    12 |    20 |     1 |       ||    33
       Kite shield       |       |       |   104 |   110 ||   214
